Map: Яганната РВ

Players

NoBrainMoron - Winner!

  • Race: Terran Terran
  • League: Master

Blinkter

  • Race: Protoss Protoss
  • League: Bronze

VOD

Have the link to the VOD?

Description

Time

  • Played on: Sept. 4, 2021, 12:46 p.m.
  • Length: 11:56
Show
View Real Time Build Order
Export as new Build Order

NoBrainMoron Terran - Winner!

Build Orders: Reaper Expand 

Get SALT Encoding   

  12  0:00  SCV  
  13  0:12  SCV  
  14  0:17  Supply Depot  
  14  0:25  SCV  
  15  0:39  SCV  
  15  0:40  Barracks  
  16  0:47  Refinery  
  16  0:51  SCV  
  17  1:03  SCV  
  18  1:15  SCV  
  19  1:31  Orbital Command  
  19  1:35  Reaper  
  20  1:44  Command Center  
  20  2:04  SCV  
  20  2:07  Marine  
  22  2:10  Factory  
  22  2:16  SCV  
  22  2:19  Refinery  
  23  2:24  Supply Depot  
  23  2:32  Bunker  
  23  2:37  Barracks Reactor  
  23  2:45  SCV  
  24  2:56  SCV  
  24  2:57  SCV  
  26  3:01  Starport  
  26  3:05  Factory Tech Lab  
  26  3:17  Orbital Command  
  26  3:20  Supply Depot  
  26  3:27  Barracks, Marine  
  26  3:32  SCV  
  28  3:42  Medivac  
  28  3:44  SCV  
  28  3:46  Marine x2  
  33  3:53  SCV  
  34  3:59  Siege Tank  
  34  4:02  SCV  
  38  4:06  Barracks  
  38  4:07  Marine  
  38  4:08  Marine  
  40  4:12  SCV  
  40  4:16  Refinery  
  41  4:19  Barracks Tech Lab  
  41  4:23  SCV  
  41  4:24  SCV  
  43  4:30  Marine  
  43  4:31  Marine  
  45  4:32  Medivac  
  45  4:35  SCV  
  45  4:36  SCV  
  49  4:41  Siege Tank  
  49  4:42  Marine  
  53  4:47  Stimpack, SCV  
  54  5:06  Ghost Academy  
  54  5:11  Supply Depot  
  54  5:14  Supply Depot  
  54  5:19  Barracks Reactor  
  54  5:25  Engineering Bay  
  54  5:28  Engineering Bay  
  54  5:32  Marine x3  
  54  5:33  Siege Tank, Supply Depot, SCV x2  
  62  5:36  Medivac  
  64  5:44  Enhanced Shockwaves  
  64  5:45  SCV x2  
  66  5:50  Marine x2  
  66  5:51  Marine  
  66  5:52  Refinery  
  69  5:57  Marine x2, SCV  
  69  6:01  SCV  
  73  6:09  SCV  
  74  6:16  Ghost  
  74  6:17  Marine  
  74  6:18  Marine  
  78  6:26  Supply Depot, Combat Shield  
  78  6:29  Supply Depot  
  78  6:31  Terran Infantry Weapons Level 1  
  78  6:33  Terran Infantry Armor Level 1  
  78  6:47  Marine x2, SCV x2  
  78  6:48  Supply Depot  
  78  6:50  Marine x3  
  78  6:51  Supply Depot  
  78  6:53  Medivac  
  87  7:02  SCV x2  
  87  7:05  Marine x2  
  87  7:08  Marine x3  
  91  7:14  Siege Tank, SCV x2  
  99  7:22  Marine x2  
  99  7:23  Medivac  
  102  7:50  Marine  
  102  7:51  Marine x4  
  105  7:52  Siege Tank  
  110  8:40  Command Center  
  110  8:41  Command Center  
  110  8:54  Marine x3  
  110  8:55  Marine, Marauder, Medivac, SCV x2  
  120  9:07  SCV  
  121  9:12  Marine x3  
  121  9:13  Marine  
  121  9:16  Marauder  
  121  9:17  Siege Tank  
  130  9:25  Barracks, Medivac  
  130  9:26  Barracks  
  130  9:27  Barracks  
  130  9:29  Barracks  
  130  9:30  Barracks, Marine x2  
  134  9:31  Armory  
  134  9:32  Barracks  
  134  9:49  Siege Tank  
  104  10:15  Armory  
  104  10:18  Marine x2  
  104  10:19  Marine x3  
  104  10:20  Medivac  
  110  10:27  Bunker  
  106  10:36  Marine x4  
  106  10:37  Siege Tank, Marauder  
  111  10:50  Medivac  
  111  10:54  Marine  
  103  11:09  Siege Tank  
  106  11:14  SCV x2  
  106  11:15  Orbital Command  
  106  11:20  Medivac  
  97  11:25  Orbital Command  
  104  11:29  Refinery  
  104  11:30  Refinery  
  99  11:38  Supply Depot  
Show
View Real Time Build Order
Export as new Build Order

Blinkter Protoss 

Build Orders: 1 Gate Expand, Double Forge 

Get SALT Encoding   

  12  0:00  Probe  
  13  0:12  Probe  
  14  0:25  Probe, Pylon  
  15  0:43  Probe  
  15  0:46  Gateway  
  16  0:57  Probe  
  17  1:04  Assimilator  
  17  1:09  Probe  
  18  1:21  Probe  
  19  1:31  Nexus  
  19  1:34  Probe  
  20  1:42  Pylon  
  20  1:46  Probe  
  21  1:52  Cybernetics Core  
  21  1:58  Probe  
  21  1:59  Assimilator  
  22  2:10  Probe (Chrono Boost)  
  22  2:12  Gateway  
  23  2:17  Pylon  
  24  2:22  Probe (Chrono Boost)  
  24  2:31  Probe (Chrono Boost)  
  24  2:34  Stalker (Chrono Boost)  
  27  2:37  Probe  
  27  2:47  Warp Gate  
  27  2:48  Probe  
  27  2:49  Probe  
  28  2:56  Stalker  
  27  3:01  Probe  
  27  3:02  Probe  
  28  3:14  Probe x2  
  30  3:22  Stalker  
  30  3:26  Probe (Chrono Boost)  
  34  3:27  Probe (Chrono Boost)  
  34  3:38  Probe (Chrono Boost)  
  34  3:39  Probe (Chrono Boost)  
  36  3:45  Stalker  
  36  3:46  Probe (Chrono Boost)  
  36  3:47  Probe (Chrono Boost)  
  40  3:52  Probe  
  40  3:53  Probe  
  42  4:02  Stalker  
  44  4:04  Probe  
  44  4:05  Probe  
  46  4:14  Robotics Facility  
  46  4:26  Pylon  
  46  4:30  Forge  
  46  4:31  Forge  
  46  4:35  Twilight Council  
  46  4:39  Stalker  
  46  4:43  Stalker  
  46  4:44  Probe  
  46  4:45  Probe  
  52  4:57  Probe x2  
  54  5:02  Shield Battery  
  54  5:06  Protoss Ground Armor Level 1, Protoss Ground Weapons Level 1  
  54  5:14  Probe x2  
  56  5:24  Nexus  
  56  5:28  Pylon  
  56  5:30  Stalker, Pylon  
  56  5:31  Stalker  
  60  5:36  Assimilator  
  60  5:38  Assimilator  
  60  5:43  Blink (Chrono Boost)  
  60  5:49  Probe x2  
  62  6:01  Probe x2  
  64  6:10  Stalker x2  
  68  6:13  Probe x2  
  68  6:14  Immortal  
  74  6:25  Probe x2  
  76  6:36  Stalker x2  
  76  6:37  Probe  
  81  6:43  Probe x2  
  83  6:49  Probe  
  83  6:52  Gateway  
  83  6:53  Immortal  
  88  6:54  Gateway  
  88  6:55  Gateway  
  88  6:57  Gateway  
  86  7:15  Stalker x2  
  90  7:21  Pylon  
  90  7:23  Pylon  
  82  7:32  Immortal  
  73  7:41  Protoss Ground Armor Level 2 (Chrono Boost), Protoss Ground Weapons Level 2 (Chrono Boost)  
  73  7:59  Probe (Chrono Boost)  
  73  8:00  Probe x2 (Chrono Boost)  
  76  8:08  Probe (Chrono Boost), Stalker x2  
  76  8:09  Probe x2 (Chrono Boost)  
  83  8:12  Photon Cannon  
  83  8:13  Probe x3 (Chrono Boost)  
  83  8:16  Pylon  
  83  8:18  Observer  
  87  8:22  Sentry  
  87  8:23  Stalker  
  87  8:24  Stalker  
  87  8:25  Probe x3  
  96  8:37  Probe x3  
  99  8:41  Shield Battery  
  99  8:45  Photon Cannon  
  99  8:49  Probe x2  
  99  8:55  Photon Cannon  
  101  8:59  Photon Cannon  
  101  9:02  Shield Battery  
  101  9:03  Probe x3  
  104  9:12  Photon Cannon  
  104  9:14  Stalker, Photon Cannon  
  104  9:15  Probe, Stalker x2  
  104  9:16  Stalker  
  113  9:22  Probe x2  
  113  9:23  Stalker  
  117  9:39  Probe  
  117  9:46  Probe x2  
  66  10:02  Stalker x6  
  46  10:26  Stalker x3  
  46  10:27  Stalker x3  
  26  10:50  Stalker x3  
  26  10:51  Stalker x3  
  26  10:52  Immortal (Chrono Boost)  
  37  11:16  Pylon  
  32  11:29  Stalker x4  
  32  11:31  Probe  
  32  11:32  Probe x2  
  43  11:43  Probe  
Tags
 
Add a new tag
Caveats
  • Supply blocks, unpowered buildings, or Contaminate may cause inaccurate times.
  • Supply counts are checked every 10 seconds.